 Dungeon Crawl Stone Soup version 0.30-a0-857-gcaf70739d4 (webtiles) character file.

Game seed: 14093330645159516477

103240 BubbleThief the Basher (level 16, -11/159 HPs)
             Began as a Naga Cinder Acolyte on Mar 6, 2023.
             Was a Priest of Ignis.
             Mangled by a spark wasp (13 damage)
             ... led by a torpor snail
             ... on level 1 of the Spider Nest.
             The game lasted 00:42:36 (22777 turns).

BubbleThief the Basher (Naga Cinder Acolyte)       Turns: 22777, Time: 00:42:36

Health: -11/159    AC: 18    Str: 27    XL:     16   Next: 35%
Magic:  50/50      EV:  8    Int: 24    God:    Ignis [***...]
Gold:   2477       SH: 18    Dex:  7    Spells: 21/38 levels left

rFire   + + .      SeeInvis +    w - +2 flail (drain)
rCold   + . .      Faith    .    V - +3 kite shield of Xanli {rF+ rC+}
rNeg    + . .      Spirit   .    A - +1 robe of Vines {NoPotionHeal Regen++++}
rPois   +          Reflect  +    W - +3 hat of Pondering {ponderous, Will+ MP+10 Int+5}
rElec   .          Rampage  .    y - +1 cloak "Misaun" {Str+4}
rCorr   .                        Q - +1 pair of gloves {Str+3}
Will    ++++.                    (no barding) Stlth
                                 p - amulet of reflection
HPRegen 3.66/turn                f - ring of Azoixuug {rN+ Will+ MP+9 Stlth-}
MPRegen 0.32/turn                t - +4 ring of protection

@: very slow
A: AC +5, large, see invisible, deformed body, poison resistance, slowness 2,
spit poison 1, naga tail 2
a: Spit Poison, Renounce Religion, Fiery Armour, Foxfire Swarm, Rising Flame


You were on level 1 of the Spider Nest.
You worshipped Ignis.
Ignis was most pleased with you.
You visited 3 branches of the dungeon, and saw 21 of its levels.
You also visited: Ossuary and Bailey.

You collected 2752 gold pieces.
You spent 275 gold pieces at shops.

Inventory:

Hand Weapons
 a - a -1 mace of flaming
 w - a +2 flail of draining (weapon)
Missiles
 v - a throwing net
Armour
 y - the +1 cloak "Misaun" (worn) {Str+4}
   (You found it on level 5 of the Dungeon)

   Str:       It affects your strength (+4).
 A - the +1 robe of Vines (worn) {NoPotionHeal Regen++++}
   (You found it on level 9 of the Dungeon)

   NoPotionHeal: Its wearer cannot be healed by potions.
   Regen:     It increases your rate of health regeneration.
 Q - a +1 pair of gloves of strength (worn)
 V - the +3 kite shield of Xanli (worn) {rF+ rC+}
   (You found it on level 11 of the Dungeon)

   rF:        It protects you from fire.
   rC:        It protects you from cold.
 W - the +3 hat of Pondering (worn) {ponderous, Will+ MP+10 Int+5}
   (You took it off Gastronok on level 11 of the Dungeon)

   Int:       It affects your intelligence (+5).
   MP:        It affects your magic capacity (+10).
   Will:      It increases your willpower.
Jewellery
 f - the ring of Azoixuug (left hand) {rN+ Will+ MP+9 Stlth-}
   (You found it on level 3 of the Lair of Beasts)

   [ring of magical power]

   rN:        It protects you from negative energy.
   MP:        It affects your magic capacity (+9).
   Will:      It increases your willpower.
   Stlth:     It makes you less stealthy.
 p - an amulet of reflection (around neck)
 t - a +4 ring of protection (right hand)
 x - a ring of willpower
 D - a ring of ice
 S - the ring "Qoist" {Wiz rCorr}
   (You found it on level 7 of the Dungeon)

   [ring of wizardry]

   It improves your spell success rate.
   rCorr:     It protects you from acid and corrosion.
 X - a ring of protection from cold
Wands
 d - a wand of flame (27)
 n - a wand of roots (12)
 C - a wand of charming (1)
 L - a wand of mindburst (19)
 O - a wand of polymorph (27)
 T - a wand of digging (15)
Scrolls
 e - 7 scrolls of magic mapping
 k - 9 scrolls of identify
 l - 2 scrolls of butterflies
 o - 6 scrolls of fog
 q - 11 scrolls of teleportation
 r - 7 scrolls of blinking
 z - 3 scrolls of poison
 I - 2 scrolls of fear
 P - 2 scrolls of brand weapon
 R - 4 scrolls of enchant weapon
 U - 2 scrolls of enchant armour
Potions
 b - 2 potions of might
 c - 8 potions of brilliance
 g - 8 potions of heal wounds
 h - a potion of magic
 i - 14 potions of ambrosia
 j - 2 potions of cancellation
 m - 10 potions of curing
 u - 3 potions of lignification
 B - 3 potions of invisibility
 E - 6 potions of flight
 F - a potion of berserk rage
 G - 2 potions of resistance
 H - 4 potions of haste
 J - 5 potions of attraction
 K - 3 potions of mutation


   Skills:
 - Level 14.0 Fighting
 - Level 14.0 Maces & Flails
 + Level 11.6 Shields
 + Level 11.9 Spellcasting
 + Level 13.2 Fire Magic


You had 21 spell levels left.
You knew the following spells:

 Your Spells              Type           Power      Damage    Failure   Level
a - Ignition              Fire           33%        3d10      91%         8
b - Sticky Flame          Conj/Fire      46%        2d6       4%          4
c - Fireball              Conj/Fire      23%        3d11      14%         5

Your spell library contained the following spells:

 Spells                   Type           Power      Damage    Failure   Level
 Foxfire                  Conj/Fire      100%       2x1d9     1%          1
 Scorch                   Fire           100%       2d10      1%          2
 Ignite Poison            Fire/Tmut/Pois 35%        N/A       3%          3
 Beastly Appendage        Tmut           28%        N/A       8%          1
 Magic Dart               Conj           56%        1d5       8%          1
 Sandblast                Erth           28%        2d8       8%          1
 Cigotuvi's Dreadful Rot  Necr/Pois/Air  28%        N/A       12%         2
 Passwall                 Tmut/Erth      11%        N/A       12%         2
 Searing Ray              Conj           28%        2d5       12%         2
 Sublimation of Blood     Necr           14%        N/A       12%         2
 Wereblood                Tmut           14%        N/A       12%         2
 Spider Form              Tmut/Pois      14%        N/A       22%         3
 Stone Arrow              Conj/Erth      28%        3d8       22%         3
 Animate Armour           Summ/Erth      28%        N/A       58%         4
 Dispel Undead            Necr           14%        3d10      58%         4
 Fulminant Prism          Conj/Hex       7%         3d7       58%         4
 Petrify                  Tmut/Erth      14%        N/A       58%         4
 Starburst                Conj/Fire      23%        6d8       58%         6
 Irradiate                Conj/Tmut      7%         3d14      91%         5
 Death Channel            Necr           7%         N/A       100%        6
 Lehudib's Crystal Spear  Conj/Erth      7%         10d3      100%        8


Dungeon Overview and Level Annotations

Branches:
Dungeon (15/15)            Temple (0/1) D:5            Lair (5/5) D:11
 Shoals (0/4) Lair:2       Spider (1/4) Lair:3        Slime (0/5) Lair:4
    Orc (0/2) D:10         Vaults (0/5) D:13         Depths (0/4) D:15
Ossuary (visited)          Bailey (visited)

Altars:
Cheibriados
Elyvilon
Fedhas
Nemelex Xobeh
Qazlal
Trog
Vehumet
Xom
Zin

Shops:
D:6 :   D:7 (

Annotations:
D:9 3 runed translucent doors, Selderis's ghost, novice GnCj
D:15 Roxanne


Innate Abilities, Weirdness & Mutations

Your serpentine skin is tough. (AC +5)
You have supernaturally acute eyesight. (SInv)
Armour fits poorly on your strangely shaped body.
Your system is resistant to poisons. (rPois)
You cover ground very slowly.
You can spit poison.
You can use your snake-like lower body to constrict enemies.


Message History

You bump into the rock wall.
The tarantella barely misses you.
You bump into the rock wall.
The tarantella completely misses you.
The tarantella touches you but does no damage.
You bump into the rock wall.
The tarantella touches you but does no damage.
You're too confused to move!
The tarantella touches you but does no damage. x2
You bump into the rock wall.
The tarantella touches you.
You miss the tarantella.
The tarantella is almost dead.
The tarantella touches you.
You are more confused.
The tarantella touches you but does no damage.
You barely miss the tarantella.
The tarantella is almost dead.
The tarantella barely misses you.
The tarantella attacks as you move away!
The tarantella touches you.
Found 8 gold pieces.
The tarantella touches you!
You closely miss the demonic crawler.
The tarantella touches you but does no damage.
The demonic crawler hits you. The demonic crawler barely misses you.
The demonic crawler hits you but does no damage.
The tarantella attacks as you move away!
The tarantella touches you but does no damage.
The tarantella barely misses you.
The tarantella touches you but does no damage.
The spark wasp stings you!! The spark wasp shocks you!
* * * LOW HITPOINT WARNING * * *
The tarantella touches you.
* * * LOW HITPOINT WARNING * * *
The spark wasp barely misses you. The tarantella touches you!
* * * LOW HITPOINT WARNING * * *
Your system rejects the healing.
You feel better. The demonic crawler hits you.
* * * LOW HITPOINT WARNING * * *
You block the demonic crawler's attack. The demonic crawler hits you.
* * * LOW HITPOINT WARNING * * *
The spark wasp stings you!!
* * * LOW HITPOINT WARNING * * *
The spark wasp shocks you!
You die...

#.# .# . ..# .#$
.. ..# ..
#.##..###.# #. #..
#....#....#^.# ..#
^ #.....#.....#...
#.. #.......#...##
.#..##@y###.#...#.
..#..ss.#....#.^#
#..#..#..#.#....
#...#..#.##.#..# .
#.#
#..#.#.y..##... #
...#...y##^....#
#.##..###...#.#.#
#.# #..s....)# .#
.. ....##s.#s.# ..


You could see a spark wasp, a demonic crawler and a tarantella.

Vanquished Creatures
  Gastronok (D:11)
  Kirke (D:13)
  A dire elephant (Lair:5)
  A spark wasp (Spider:1)
  Snorg (D:11)
  A fire dragon (D:15)
  A rakshasa (D:15)
  Fannar (D:10)
  8 hydras
  An ice dragon (D:15)
  3 ogre magi
  4 centaur warriors
  A death knight (D:14)
  The ghost of Selderis the Nimble, a journeyman OpTm of Cheibriados (D:12)
  A boulder beetle (Lair:3)
  2 dancing weapons (D:13)
  A tengu warrior (D:14)
  12 two-headed ogres
  3 death yaks (Lair:5)
  Sonja (Lair:4)
  4 skeletal warriors
  Lodul (D:11)
  2 lindwurms
  2 deep elf pyromancers (D:15)
  A steelbarb worm (Lair:3)
  2 wizards (D:14)
  3 harpies (Lair:2)
  An orc knight (Bailey)
  Pikel (D:7)
  2 wolf spiders (Lair:3)
  33 elephants
  A manticore (D:14)
  8 ugly things
  11 cyclopes
  5 black mambas
  Maurice (D:9)
  Joseph (D:7)
  A demonic crawler (Lair:3)
  14 slime creatures
  4 gargoyles (D:12)
  3 torpor snails
  16 cane toads
  3 rime drakes
  A kobold demonologist (D:14)
  4 komodo dragons
  3 freezing wraiths
  2 efreet (D:14)
  4 tengu conjurers
  6 trolls
  A meliai (Lair:3)
  2 polar bears (Lair:4)
  A queen bee (D:10)
  23 blink frogs
  10 dream sheep (Lair:5)
  A hornet (shapeshifter) (D:14)
  3 tarantellas
  A shadow (D:11)
  A jumping spider (Lair:3)
  A water elemental (D:15)
  3 vampires
  45 yaks
  A wraith (D:11)
  A hog (D:13)
  6 basilisks
  7 wyverns
  3 steam dragons
  3 redbacks (Lair:3)
  2 wargs (D:10)
  4 acid dragons
  15 water moccasins
  11 orc warriors
  An ice beast (D:5)
  12 ogres
  A black bear (D:7)
  20 wolves
  4 centaurs
  3 phantoms (D:6)
  A lemure (D:7)
  7 kobold brigands
  10 bullfrogs
  A gnoll sergeant (D:9)
  A scorpion (Lair:1)
  50 killer bees
  A vampire bat (Lair:4)
  3 howler monkeys
  3 lava snakes (Lair:3)
  4 jellies
  2 gnoll boudas (D:7)
  3 hounds
  8 orc priests
  2 iguanas
  A sleepcap (D:8)
  Ijyb (D:4)
  6 hell rats (Lair:1)
  8 orc wizards
  8 mummies (Ossuary)
  19 gnolls
  10 adders
  3 ufetubi
  A worm (D:3)
  A dart slug (D:1)
  57 orcs
  13 bats
  8 endoplasms
  3 giant cockroaches
  2 gnoll zombies (Ossuary)
  8 goblins
  12 hobgoblins
  3 jackals
  7 quokkas
  8 ball pythons
  4 hobgoblin zombies (Ossuary)
  23 kobolds
  2 kobold zombies (Ossuary)
  9 rats
  A bush (D:10)
686 creatures vanquished.

Vanquished Creatures (others)
  A wizard (D:14)
  A gargoyle (D:14)
  2 orc warriors (Bailey)
  18 fungi
  22 plants
44 creatures vanquished.

Grand Total: 730 creatures vanquished

Notes
Turn   | Place    | Note
-------+----------+-------------------------------------------
     0 | D:1      | BubbleThief the Naga Cinder Acolyte began the quest for the
                  | Orb.
     0 | D:1      | Reached XP level 1. HP: 21/21 MP: 2/2
   172 | D:1      | Reached XP level 2. HP: 24/28 MP: 3/3
   735 | D:2      | Identified the +5 rapier of Blue Action {vamp, Str+2 SInv}
   747 | D:2      | Reached XP level 3. HP: 5/34 MP: 4/4
   884 | D:2      | Learned a level 2 spell: Scorch
   928 | D:2      | Reached XP level 4. HP: 44/44 MP: 1/5
  1197 | D:2      | Found a glowing silver altar of Zin.
  1646 | D:2      | You fall into a shaft and drop 2 floors!
  1647 | D:4      | Noticed a kobold brigand
  1655 | D:4      | Killed a kobold brigand
  1656 | D:4      | Reached skill level 5 in Maces & Flails
  1656 | D:4      | Reached XP level 5. HP: 36/50 MP: 1/6
  1739 | D:4      | Reached XP level 6. HP: 42/58 MP: 4/7
  2008 | D:4      | Noticed Ijyb
  2021 | D:4      | Killed Ijyb
  4060 | D:5      | Entered Level 5 of the Dungeon
  4071 | D:5      | Reached skill level 5 in Fighting
  4071 | D:5      | Reached XP level 7. HP: 67/67 MP: 5/8
  4381 | D:5      | Found a sparkling altar of Nemelex Xobeh.
  4381 | D:5      | Found a shimmering altar of Xom.
  4419 | D:5      | Identified the +1 cloak "Misaun" {Str+4}
  4913 | D:5      | Noticed a two-headed ogre
  4919 | D:5      | Killed a two-headed ogre
  4920 | D:5      | Reached XP level 8. HP: 15/78 MP: 4/9
  5280 | D:5      | Found a staircase to the Ecumenical Temple.
  6055 | D:6      | Found Yniph's Book Shoppe.
  6309 | D:6      | Reached XP level 9. HP: 77/86 MP: 2/10
  6940 | D:7      | Found a sand-covered staircase.
  6949 | Ossuary  | Entered an ossuary
  6976 | Ossuary  | Reached skill level 10 in Maces & Flails
  7169 | D:7      | Found Komeix's Antique Weapon Shop.
  7173 | D:7      | Bought a runed great mace for 275 gold pieces
  7231 | D:7      | Found a flagged portal.
  7258 | Bailey   | Entered a bailey
  7524 | Bailey   | Noticed an orc knight
  7545 | Bailey   | Killed an orc knight
  7944 | Bailey   | Found a bloodstained altar of Trog.
  8138 | D:7      | Noticed Pikel
  8167 | D:7      | Killed Pikel
  8168 | D:7      | Reached XP level 10. HP: 82/98 MP: 9/11
  8307 | D:7      | Identified the +0 pair of gloves "Waon" {Harm rPois Int-3}
  8404 | D:7      | Noticed Joseph
  8421 | D:7      | Killed Joseph
  8584 | D:7      | Identified the ring "Qoist" {Wiz rCorr}
  8838 | D:7      | Found the +7 staff of the Meek {protect, meekguard}
  9593 | D:8      | Found a bloodstained altar of Trog.
 10140 | D:9      | Noticed a five-headed hydra
 10154 | D:9      | Killed a five-headed hydra
 10297 | D:9      | Found a runed translucent gate.
 10297 | D:9      | Found a runed translucent gate.
 10297 | D:9      | Noticed Selderis's ghost (novice GnCj)
 10297 | D:9      | Noticed a ten-headed hydra
 10298 | D:9      | Found a runed translucent gate.
 10379 | D:9      | Reached skill level 10 in Fighting
 10379 | D:9      | Reached XP level 11. HP: 100/108 MP: 9/12
 10510 | D:9      | Found a blossoming altar of Fedhas.
 10525 | D:9      | Found a stormy altar of Qazlal.
 10526 | D:9      | Found a snail-covered altar of Cheibriados.
 10527 | D:9      | Noticed Maurice
 10534 | D:9      | Killed Maurice
 10535 | D:9      | Found a white marble altar of Elyvilon.
 10811 | D:9      | Found the +1 robe of Vines {NoPotionHeal Regen++++}
 11309 | D:10     | Entered Level 10 of the Dungeon
 11855 | D:10     | Found a staircase to the Orcish Mines.
 12021 | D:10     | Found a radiant altar of Vehumet.
 12515 | D:10     | Noticed a green ugly thing
 12524 | D:10     | Killed a green ugly thing
 12673 | D:10     | Noticed Fannar
 12692 | D:10     | Killed Fannar
 12719 | D:10     | Reached XP level 12. HP: 119/126 MP: 13/13
 13124 | D:11     | Found a snail-covered altar of Cheibriados.
 13370 | D:11     | Noticed Lodul
 13387 | D:11     | Killed Lodul
 13552 | D:11     | Found a staircase to the Lair.
 13557 | D:11     | Identified the +3 kite shield of Xanli {rF+ rC+}
 13618 | D:11     | Learned a level 4 spell: Sticky Flame
 13666 | D:11     | Noticed Snorg
 13684 | D:11     | Killed Snorg
 13685 | D:11     | Reached skill level 1 in Shields
 13813 | D:11     | Noticed a two-headed ogre
 13817 | D:11     | Killed a two-headed ogre
 13912 | D:11     | Noticed Gastronok
 13934 | D:11     | Killed Gastronok
 13935 | D:11     | Reached skill level 5 in Fire Magic
 14111 | Lair:1   | Entered Level 1 of the Lair of Beasts
 14524 | Lair:1   | Reached skill level 5 in Spellcasting
 14527 | Lair:1   | Gained mutation: You can use your snake-like lower body to
                  | constrict enemies. [Naga growth]
 14527 | Lair:1   | Reached XP level 13. HP: 135/135 MP: 20/20
 15186 | Lair:2   | Reached skill level 5 in Shields
 15199 | Lair:2   | Found a staircase to the Shoals.
 15877 | Lair:3   | Found a runed translucent door.
 15951 | Lair:3   | Found a hole to the Spider Nest.
 16318 | Lair:3   | Identified the +1 hat of the Lute {Str+3}
 16322 | Lair:3   | Found a runed translucent gate.
 16322 | Lair:3   | Found a runed translucent gate.
 16322 | Lair:3   | Found a runed translucent gate.
 16322 | Lair:3   | Found a runed translucent gate.
 16322 | Lair:3   | Found a runed translucent gate.
 16323 | Lair:3   | Found a runed translucent gate.
 16359 | Lair:3   | Identified the ring of Azoixuug {rN+ Will+ MP+9 Stlth-}
 16658 | Lair:4   | Found a staircase to the Slime Pits.
 16883 | Lair:4   | Reached XP level 14. HP: 144/144 MP: 25/25
 17399 | Lair:5   | Entered Level 5 of the Lair of Beasts
 17399 | Lair:5   | Noticed Sonja
 17404 | Lair:4   | Killed Sonja
 17802 | Lair:5   | Reached skill level 10 in Fire Magic
 17865 | Lair:5   | Learned a level 5 spell: Fireball
 17964 | Lair:5   | Noticed a dire elephant
 17977 | Lair:5   | Killed a dire elephant
 18288 | Lair:5   | Reached XP level 15. HP: 151/151 MP: 28/28
 18790 | D:12     | Found a runed translucent gate.
 18796 | D:12     | Found a runed translucent gate.
 18796 | D:12     | Found a runed translucent gate.
 18796 | D:12     | Noticed Selderis's ghost (journeyman OpTm)
 18872 | D:12     | Killed Selderis's ghost
 18873 | D:12     | Reached skill level 10 in Spellcasting
 19678 | D:13     | Noticed Kirke
 19688 | D:13     | Killed Kirke
 19752 | D:13     | Found a stormy altar of Qazlal.
 19778 | D:13     | Found a gate to the Vaults.
 19790 | D:13     | Reached skill level 10 in Shields
 19947 | D:13     | Identified the +1 scale mail of Depression {Harm Str+3}
 21487 | D:15     | Entered Level 15 of the Dungeon
 21542 | D:15     | Reached XP level 16. HP: 150/159 MP: 31/31
 21605 | D:15     | Noticed Roxanne
 21720 | D:15     | Identified the +5 dagger of Chance {heavy, rElec rN++}
 21803 | D:15     | Learned a level 8 spell: Ignition
 21866 | D:15     | Found a staircase to the Depths.
 22634 | Spider:1 | Entered Level 1 of the Spider Nest
 22777 | Spider:1 | HP: 2/159 [spark wasp[a torpor snail] (21)]
 22777 | Spider:1 | Mangled by a spark wasp

Illustrated notes

Levels and vault maps discovered:
D:1:      dpeg_arrival_simpleton_b, layout_loops_ring, minmay_bisected
D:2:      minmay_angry_zag, layout_loops_ring, basic_altar
D:3:      minmay_chambers_of_threes, layout_loops_ring,
          minmay_fractal_squares_gapless_5
D:4:      layout_basic, uniq_ijyb
D:5:      layout_loops_ring, mainiacjoe_overflow_divided_tiny, temple_hall
D:6:      layout_loops_cross, serial_shops, nicolae_shop_hallway_plus,
          nicolae_underground_beach
D:7:      nicolae_cairo_tiling_large, layout_basic, serial_shops,
          nicolae_diamond_shop, enter_bailey_4, enter_ossuary_1,
          pf_guarded_unrand_meek, uniq_joseph, uniq_pikel
D:8:      layout_rooms, lightli_temple_of_fire
D:9:      layout_basic, grunt_temple_overflow_open, gammafunk_ghost_hydra_chop,
          hellmonk_guarded_unrand_vines, uniq_maurice
D:10:     layout_layer_cave, fiery_altar_vehumet, david_orc_1_choice,
          special_room [special_room_bee], kb_lookout_dungeons_type,
          minmay_misc_feat_room, uniq_fannar
D:11:     layout_gridville, lair_entry_dummy, mrwooster_statue_mirror,
          kennysheep_big_empty_room, cheibriados_altar_1, uniq_gastronok,
          uniq_snorg, uniq_lodul
D:12:     layout_loops_corners, ebering_ghost_rock_garden
D:13:     layout_basic, erik_vaults_1, nicolae_qazlal_scattered_showers,
          uniq_kirke
D:14:     minmay_big_diamond_grid, layout_basic, serial_curves, eino_curves_04,
          eino_curves_01
D:15:     grunt_enter_depths_hoard, layout_basic, minivault_4,
          minmay_misc_feat_five, uniq_roxanne
Lair:1:   layout_roguey, infiniplex_staircase_pool, grunt_megastairs_3
Lair:2:   layout_small_grid, nicolae_shoals_entry_roost
Lair:3:   gammafunk_indiana_jones, layout_regular_city,
          hellmonk_spider_entry_not_the_bees
Lair:4:   layout_gridlike, slime_entry_1, roderic_batcave, grunt_megastairs_5
Lair:5:   hangedman_lair_in_review, layout_loops_ring,
          infiniplex_staircase_pool_2, uniq_sonja
Spider:1: layout_spider_delve, uniq_mlioglotl

Skill      XL: |  1  2  3  4  5  6  7  8  9 10 11 12 13 14 15 16 |
---------------+-------------------------------------------------+-----
Maces & Flails | 4 5 6 8 9 11 13 14 | 14.0
Fighting       | 4 5 6 7 8 10 13 14 | 14.0
Spellcasting   | 5 7 9 11 | 11.9
Fire Magic     | 6 8 10 12 13 | 13.2
Shields        | 4 7 9 11 | 11.6

Action                     |  1- 3 |  4- 6 |  7- 9 | 10-12 | 13-15 | 16-18 || total
---------------------------+-------+-------+-------+-------+-------+-------++-------
  Melee: Mace              |    36 |   127 |   212 |   104 |       |       ||   479
         Flail             |       |       |       |   824 |  1264 |   231 ||  2319
         Punch             |       |       |       |    13 |       |       ||    13
         Constrict         |       |       |       |       |   158 |    26 ||   184
   Cast: Scorch            |     2 |    38 |    68 |    49 |     6 |       ||   163
         Sticky Flame      |       |       |       |       |    15 |     2 ||    17
         Fireball          |       |       |       |       |     1 |       ||     1
 Invoke: Fiery Armour      |       |     2 |     2 |     1 |       |       ||     5
Ability: Spit Poison       |    16 |    38 |    35 |    36 |       |       ||   125
  Evoke: Wand              |       |       |     5 |     1 |       |       ||     6
    Use: Scroll            |       |       |     1 |    17 |    10 |     3 ||    31
         Potion            |       |       |     1 |       |       |     1 ||     2
 Armour: Robe              |     3 |    47 |    84 |   228 |   542 |   115 ||  1019
         Ring mail         |       |       |     6 |   161 |       |       ||   167
  Dodge: Dodged            |    22 |    64 |   100 |   376 |   348 |    73 ||   983
  Block: Other             |       |    30 |    39 |   199 |       |       ||   268
         Reflection        |       |     1 |     3 |     9 |    15 |       ||    28
         Kite shield       |       |       |       |   131 |  1203 |   197 ||  1531

Table legend: (Time is in decaauts)
 A = Elapsed time spent in this place.
 B = Non-inter-level travel time spent in this place.
 C = Inter-level travel time spent in this place.
 D = Time resting spent in this place.
 E = Time spent auto-exploring this place.
 F = Levels seen in this place.
 G = Mean time per level.
                   A        B        C        D        E       F      G
               +--------+--------+--------+--------+--------+-----+--------+
         Total |  28811 |  26986 |   1825 |    750 |  20788 |  23 | 1252.7 |
       Dungeon |  21510 |  20172 |   1338 |    354 |  16240 |  15 | 1434.0 |
          Lair |   6183 |   5697 |    486 |     40 |   4322 |   5 | 1236.6 |
   Spider Nest |     62 |     62 |      0 |      0 |      1 |   1 |   62.0 |
       Ossuary |    225 |    225 |      0 |      0 |      0 |   1 |  225.0 |
        Bailey |    828 |    828 |      0 |    356 |    224 |   1 |  828.0 |
               +--------+--------+--------+--------+--------+-----+--------+

Top non-repeatable levels by time:
    D:10: 2141 daAuts
     D:7: 1814 daAuts
     D:4: 1786 daAuts
     D:5: 1738 daAuts
    D:14: 1535 daAuts
     D:2: 1524 daAuts
     D:3: 1463 daAuts
     D:9: 1454 daAuts
    D:11: 1385 daAuts
  Lair:4: 1300 daAuts
  Lair:3: 1288 daAuts
  Lair:5: 1278 daAuts
    D:12: 1276 daAuts
  Lair:1: 1226 daAuts
    D:15: 1225 daAuts
